 Dungeon Crawl Stone Soup version 0.31.0-11-ge490571c62 (webtiles) character file.

Game seed: 12345706119132746730

9345 Ashen the Covert (level 11, -4/83 HPs)
             Began as a Gnoll Enchanter on Feb 6, 2024.
             Was a Follower of Uskayaw.
             Slain by Erica
             ... wielding a +2 scimitar of flaming
              (10 damage)
             ... on level 9 of the Dungeon.
             The game lasted 00:35:38 (11713 turns).

Ashen the Covert (Gnoll Enchanter)                 Turns: 11713, Time: 00:35:38

Health: -4/83      AC:  7    Str:  7    XL:     11   Next: 45%
Magic:  3/23       EV: 12    Int: 14    God:    Uskayaw [*.....]
Gold:   589        SH:  6    Dex: 18    Spells: 12/26 levels left

rFire   . . .        F - +1 dagger (elec)
rCold   . . .        G - +0 buckler {AC+3}
rNeg    . . .        f - +1 leather armour {Will+}
rPois   .            (no helmet)
rElec   .            a - scarf {+Inv}
rCorr   .            (no gloves)
SInv    .            (no boots)
Will    +....        r - amulet of the acrobat
Stlth   ++++         n - ring of wizardry
HPRegen 0.33/turn    (no ring)
MPRegen 0.18/turn

%: acrobat, wizardry (x1)
@: lethally poisoned (-4 -> -18), attractive, constricted, invisible
A: fangs 1, strong nose, distributed training
a: Renounce Religion, Evoke Invisibility, Stomp


You were on level 9 of the Dungeon.
You worshipped Uskayaw.
Uskayaw was noncommittal.
You visited 2 branches of the dungeon, and saw 10 of its levels.

You collected 589 gold pieces.

Inventory:

Hand Weapons
 o - a +2 trident of venom
 E - a +5 long sword
 F - a +1 dagger of electrocution (weapon)
Missiles
 k - 4 throwing nets
 l - 25 poisoned darts (quivered)
Armour
 a - a scarf of invisibility (worn)
 f - a +1 leather armour of willpower (worn)
 D - a +0 troll leather armour
 G - a +0 buckler of protection (worn)
Jewellery
 n - a ring of wizardry (left hand)
 r - an amulet of the acrobat (around neck)
Wands
 A - a wand of mindburst (8)
 B - a wand of polymorph (5)
 H - a wand of flame (3)
Scrolls
 b - a scroll of vulnerability {unknown}
 e - 3 scrolls of poison {unknown}
 i - a scroll of amnesia {unknown}
 j - a scroll of acquirement {unknown}
 m - 7 scrolls of identify {unknown}
 p - 3 scrolls of revelation {unknown}
 q - a scroll of immolation {unknown}
 s - a scroll of blinking {unknown}
 v - a scroll of fear {unknown}
 w - 2 scrolls of fog {unknown}
 x - 3 scrolls of noise {unknown}
 y - a scroll of brand weapon {unknown}
Potions
 d - a potion of attraction
 g - 2 potions of enlightenment {unknown}
 h - 2 potions of might {unknown}
 t - 2 potions of heal wounds {unknown}
 u - a potion of lignification {unknown}
 z - a potion of brilliance {unknown}
 C - 2 potions of haste {unknown}


   Skills:
 + Level 6.5 Fighting
 + Level 7.1 Short Blades
 + Level 6.5 Long Blades
 + Level 6.5 Axes
 + Level 6.5 Maces & Flails
 + Level 6.5 Polearms
 + Level 6.5 Staves
 + Level 6.5 Ranged Weapons
 + Level 6.5 Throwing
 + Level 6.5 Armour
 + Level 8.1 Dodging
 + Level 9.0 Stealth
 + Level 6.5 Shields
 + Level 6.5 Unarmed Combat
 + Level 8.3 Spellcasting
 + Level 5.4 Conjurations
 + Level 7.8 Hexes
 + Level 5.4 Summonings
 + Level 5.4 Necromancy
 + Level 5.4 Translocations
 + Level 5.4 Fire Magic
 + Level 5.4 Ice Magic
 + Level 5.4 Air Magic
 + Level 5.4 Earth Magic
 + Level 5.4 Alchemy
 + Level 7.2 Invocations
 + Level 6.5 Evocations
 + Level 5.9 Shapeshifting


You had 12 spell levels left.
You knew the following spells:

 Your Spells              Type           Power      Damage    Failure   Level
a - Ensorcelled Hibernat  Hex/Ice        48%        N/A       1%          2
b - Confusing Touch       Hex            27%        N/A       1%          3
c - Tukima's Dance        Hex            27%        N/A       1%          3
d - Dazzling Flash        Conj/Hex       48%        N/A       2%          3
e - Mephitic Cloud        Conj/Alch/Air  21%        N/A       3%          3

Your spell library contained the following spells:

 Spells                   Type           Power      Damage    Failure   Level
 Necrotise                Necr           84%        1d8       1%          1
 Shock                    Conj/Air       84%        1d8       1%          1
 Summon Small Mammal      Summ           84%        N/A       1%          1
 Jinxbite                 Hex            54%        N/A       1%          2
 Lesser Beckoning         Tloc           42%        N/A       1%          2
 Static Discharge         Conj/Air       42%        3-5/arc   1%          2
 Inner Flame              Hex/Fire       24%        N/A       2%          3
 Call Canine Familiar     Summ           21%        N/A       3%          3
 Gell's Gravitas          Tloc           21%        N/A       3%          3
 Swiftness                Air            21%        N/A       3%          3
 Teleport Other           Tloc           21%        N/A       3%          3
 Vampiric Draining        Necr           21%        2d7       3%          3
 Airstrike                Air            10%        2d(2-18)  12%         4
 Flame Wave               Conj/Fire      21%        2d8       12%         4
 Martyr's Knell           Necr/Summ      21%        N/A       12%         4
 Sticky Flame             Fire/Alch      21%        2d6       12%         4
 Summon Blazeheart Golem  Fire/Summ      21%        N/A       12%         4
 Summon Lightning Spire   Summ/Air       21%        N/A       12%         4
 Silence                  Hex/Air        12%        N/A       19%         5
 Yara's Violent Unravell  Hex/Alch       12%        3d7       19%         5
 Curse of Agony           Necr           21%        N/A       30%         5
 Enfeeble                 Hex            13%        N/A       97%         7


Dungeon Overview and Level Annotations

Branches:
Dungeon (9/15)             Temple (1/1) D:7            Lair (0/5) D:8
    Orc (0/2) D:9

Altars:
Ashenzari
Cheibriados
Dithmenos
Elyvilon
Fedhas
Gozag
Hepliaklqana
Kikubaaqudgha
Makhleb
Nemelex Xobeh
Okawaru
Qazlal
Sif Muna
Trog
Uskayaw
Vehumet
Wu Jian
Xom
Yredelemnul
Zin
The Shining One

Annotations:
D:4 Menkaure
D:9 Erica


Innate Abilities, Weirdness & Mutations

You have very sharp teeth.
Your uncanny sense of smell can sniff out nearby items.
Your experience applies equally to all skills.


Message History

Casting: Dazzling Flash (mildly dangerous; 2% risk of failure)
Confirm with . or Enter, or press ? or * to list all spells.
Casting: Dazzling Flash (mildly dangerous; 2% risk of failure)
Press: ? - help, Dir - look around, f - activate Erica hits you with a +2 scimitar of flaming!
Erica burns you. Erica grabs you. Erica constricts you.
Casting: Dazzling Flash (mildly dangerous; 2% risk of failure)
Confirm with . or Enter, or press ? or * to list all spells.
Casting: Dazzling Flash (mildly dangerous; 2% risk of failure)
Press: ? - help, Dir - look around, f - activate Erica misses you.
Erica constricts you.
Casting: Dazzling Flash (mildly dangerous; 2% risk of failure)
Confirm with . or Enter, or press ? or * to list all spells.
Casting: Dazzling Flash (mildly dangerous; 2% risk of failure)
Press: ? - help, Dir - look around, f - activate Erica misses you.
Erica constricts you.
Casting: Dazzling Flash (mildly dangerous; 2% risk of failure)
Confirm with . or Enter, or press ? or * to list all spells.
Casting: Dazzling Flash (mildly dangerous; 2% risk of failure)
Press: ? - help, Dir - look around, f - activate Erica is dazzled.
Erica closely misses you. Erica constricts you.
You miss Erica.
Erica mumbles some strange words.
Erica flickers and vanishes!
Deactivating autopickup; reactivate with Ctrl-A.
You are constricted.
You fade into invisibility!
You hear some strange, mumbled words.
A bolt of poison appears from out of thin air!
The bolt of poison hits you!!
You are poisoned.
* * * LOW HITPOINT WARNING * * *
You are constricted.
* * * LOW HITPOINT WARNING * * *
It was a potion of attraction.
You feel attractive to monsters.
* * * LOW HITPOINT WARNING * * *
You feel very sick. Something hits you!
You die...

###'##########.......
#..))......#.......).
#..........'.#.......
#..........###.......
#..........# #.......
#..........# #.......
##'######### ###.####
#..)### #.####
###@{.# #....# ###.#
####.. ... #.# ...#
##.# ...# #... ..#
......... ..#
.#####... #... #...


There were no monsters in sight!

Vanquished Creatures
  Harold (D:9)
  2 two-headed ogres
  Pikel (D:8)
  An ugly thing (D:9)
  A troll (D:8)
  6 slime creatures (D:8)
  A wraith (D:9)
  3 yaks (D:9)
  A wyvern (D:8)
  4 steam dragons
  2 dancing weapons (D:9)
  3 water moccasins
  An ice beast (D:6)
  5 orc warriors
  A sky beast (D:7)
  2 wolves (D:8)
  3 centaurs
  An ogre (D:4)
  3 lemures (D:9)
  6 kobold brigands
  5 bullfrogs
  3 scorpions
  11 wights
  5 killer bees
  2 electric eels (D:8)
  4 howler monkeys (D:7)
  A bombardier beetle (D:4)
  4 hounds
  7 orc priests
  2 jellies (D:2)
  A sleepcap (D:5)
  2 iguanas (D:5)
  6 orc wizards
  6 gnolls (D:4)
  7 adders
  2 white imps
  2 ribbon worms
  26 orcs
  6 ball pythons
  5 bats
  13 endoplasms
  2 giant cockroaches
  9 goblins
  A hobgoblin (D:2)
  3 jackals (D:3)
  5 quokkas
  A frilled lizard (D:2)
  39 kobolds
  3 rats
231 creatures vanquished.

Vanquished Creatures (collateral kills)
  A wight (D:6)
  A gnoll (D:4)
2 creatures vanquished.

Vanquished Creatures (others)
  A dancing weapon (D:4)
1 creature vanquished.

Grand Total: 234 creatures vanquished

Notes
Turn   | Place    | Note
-------+----------+-------------------------------------------
     0 | D:1      | Ashen the Gnoll Enchanter began the quest for the Orb.
     0 | D:1      | Reached XP level 1. HP: 13/13 MP: 6/6
   160 | D:1      | Reached XP level 2. HP: 18/19 MP: 7/7
   312 | D:1      | Learned a level 2 spell: Ensorcelled Hibernation
   790 | D:2      | Found a bloodstained altar of Trog.
   795 | D:2      | Reached skill level 5 in Spellcasting
   795 | D:2      | Reached XP level 3. HP: 25/25 MP: 5/9
   817 | D:2      | Reached skill level 6 in Stealth
   821 | D:2      | Learned a level 3 spell: Confusing Touch
   825 | D:2      | Learned a level 3 spell: Tukima's Dance
   829 | D:2      | Learned a level 3 spell: Dazzling Flash
  1026 | D:2      | Reached skill level 1 in Invocations
  1173 | D:2      | Reached skill level 1 in Fighting
  1173 | D:2      | Reached skill level 1 in Long Blades
  1173 | D:2      | Reached skill level 1 in Axes
  1173 | D:2      | Reached skill level 1 in Maces & Flails
  1173 | D:2      | Reached skill level 1 in Polearms
  1173 | D:2      | Reached skill level 1 in Staves
  1173 | D:2      | Reached skill level 1 in Ranged Weapons
  1173 | D:2      | Reached skill level 1 in Throwing
  1173 | D:2      | Reached skill level 1 in Armour
  1173 | D:2      | Reached skill level 1 in Shields
  1173 | D:2      | Reached skill level 1 in Unarmed Combat
  1173 | D:2      | Reached skill level 1 in Evocations
  1333 | D:2      | Reached skill level 1 in Shapeshifting
  1333 | D:2      | Reached XP level 4. HP: 32/32 MP: 11/11
  1625 | D:2      | Found a broken altar of Ashenzari.
  1625 | D:2      | Found a burning altar of Makhleb.
  1625 | D:2      | Found a glowing golden altar of the Shining One.
  1625 | D:2      | Found a shadowy altar of Dithmenos.
  1625 | D:2      | Found a stormy altar of Qazlal.
  1625 | D:2      | Found a basalt altar of Yredelemnul.
  1651 | D:2      | Reached skill level 1 in Conjurations
  1651 | D:2      | Reached skill level 1 in Summonings
  1651 | D:2      | Reached skill level 1 in Necromancy
  1651 | D:2      | Reached skill level 1 in Translocations
  1651 | D:2      | Reached skill level 1 in Fire Magic
  1651 | D:2      | Reached skill level 1 in Ice Magic
  1651 | D:2      | Reached skill level 1 in Air Magic
  1651 | D:2      | Reached skill level 1 in Earth Magic
  1651 | D:2      | Reached skill level 1 in Alchemy
  1719 | D:2      | Reached XP level 5. HP: 29/37 MP: 1/12
  2495 | D:3      | Found an opulent altar of Gozag.
  2495 | D:3      | Found a radiant altar of Vehumet.
  3105 | D:4      | Reached XP level 6. HP: 34/44 MP: 6/13
  3233 | D:4      | Reached skill level 5 in Dodging
  3589 | D:4      | Noticed Menkaure
  3887 | D:4      | Reached XP level 7. HP: 43/50 MP: 12/15
  4566 | D:5      | Entered Level 5 of the Dungeon
  4909 | D:5      | Noticed a +0 dagger
  4910 | D:5      | Noticed a +0 falchion
  4911 | D:5      | Noticed a +0 spear
  4913 | D:5      | Noticed a +0 short sword
  4913 | D:5      | Noticed a +0 spear
  5019 | D:5      | Found a hide-covered altar of Uskayaw.
  5019 | D:5      | Noticed a +0 falchion
  5022 | D:5      | Noticed a +0 dagger
  5023 | D:5      | Became a worshipper of Uskayaw the Reveller
  5023 | D:5      | Noticed a +0 short sword
  5053 | D:5      | Reached * piety under Uskayaw
  5059 | D:5      | Reached ** piety under Uskayaw
  6169 | D:5      | Found a hide-covered altar of Uskayaw.
  6420 | D:5      | Reached XP level 8. HP: 45/58 MP: 13/16
  6964 | D:6      | Reached skill level 7 in Stealth
  6969 | D:6      | Reached *** piety under Uskayaw
  7561 | D:7      | Reached XP level 9. HP: 65/65 MP: 18/18
  7627 | D:7      | Found a staircase to the Ecumenical Temple.
  7659 | Temple   | Entered the Ecumenical Temple
  7737 | D:7      | Reached skill level 5 in Short Blades
  7800 | D:7      | Reached **** piety under Uskayaw
  7801 | D:7      | Reached skill level 5 in Invocations
  8276 | D:7      | Learned a level 3 spell: Mephitic Cloud
  8415 | D:8      | Noticed a two-headed ogre
  8423 | D:8      | Killed a two-headed ogre
  8424 | D:8      | Reached skill level 5 in Fighting
  8424 | D:8      | Reached skill level 5 in Long Blades
  8424 | D:8      | Reached skill level 5 in Axes
  8424 | D:8      | Reached skill level 5 in Maces & Flails
  8424 | D:8      | Reached skill level 5 in Polearms
  8424 | D:8      | Reached skill level 5 in Staves
  8424 | D:8      | Reached skill level 5 in Ranged Weapons
  8424 | D:8      | Reached skill level 5 in Throwing
  8424 | D:8      | Reached skill level 5 in Armour
  8424 | D:8      | Reached skill level 5 in Shields
  8424 | D:8      | Reached skill level 5 in Unarmed Combat
  8424 | D:8      | Reached skill level 5 in Evocations
  8424 | D:8      | Reached XP level 10. HP: 70/74 MP: 8/20
  8530 | D:8      | Reached skill level 8 in Stealth
  8925 | D:8      | Reached skill level 5 in Shapeshifting
  9244 | D:8      | Found a staircase to the Lair.
 10148 | D:9      | Noticed a white ugly thing
 10150 | D:9      | Killed a white ugly thing
 10244 | D:9      | Found a staircase to the Orcish Mines.
 10337 | D:9      | Noticed Pikel
 10357 | D:8      | Killed Pikel
 10358 | D:8      | Reached skill level 5 in Conjurations
 10358 | D:8      | Reached skill level 5 in Summonings
 10358 | D:8      | Reached skill level 5 in Necromancy
 10358 | D:8      | Reached skill level 5 in Translocations
 10358 | D:8      | Reached skill level 5 in Fire Magic
 10358 | D:8      | Reached skill level 5 in Ice Magic
 10358 | D:8      | Reached skill level 5 in Air Magic
 10358 | D:8      | Reached skill level 5 in Earth Magic
 10358 | D:8      | Reached skill level 5 in Alchemy
 10358 | D:8      | Reached XP level 11. HP: 60/81 MP: 13/23
 10673 | D:9      | Noticed a two-headed ogre
 10897 | D:9      | Killed a two-headed ogre
 11047 | D:9      | Noticed Harold
 11063 | D:9      | Killed Harold
 11124 | D:9      | Found an iron altar of Okawaru.
 11338 | D:9      | Reached skill level 9 in Stealth
 11481 | D:9      | Noticed Erica
 11713 | D:9      | Slain by Erica

Illustrated notes

Levels and vault maps discovered:
D:1:      erik_arrival_triangle_small, layout_basic
D:2:      cheibrodos_fertilizer, layout_basic, basic_altar, st_stairs_1
D:3:      layout_rooms, chequers_temple_overflow_statue_of_worship,
          kennysheep_generic_room_13
D:4:      layout_loops_corners, hangedman_decor_points, uniq_menkaure
D:5:      layout_gridville, nicolae_uskayaw_en_pointe
D:6:      layout_rooms, amcnicky_mini_rare_corridor_liquid
D:7:      layout_basic, minmay_temple_entry_statues_pillars,
          kennysheep_generic_room_11
D:8:      layout_basic, erik_lair_island
D:9:      layout_roguey, mainiacjoe_overflow_24_doors, david_orc_2, uniq_erica,
          uniq_harold, uniq_pikel
Temple:   nicolae_temple_bog_church

Skill      XL: |  1  2  3  4  5  6  7  8  9 10 11 |
---------------+----------------------------------+-----
Spellcasting   | 5 6 7 8 |  8.3
Stealth        | 6 7 8 9 |  9.0
Invocations    | 1 2 3 4 5 6 7 |  7.2
Fighting       | 1 2 3 4 5 6 |  6.5
Long Blades    | 1 2 3 4 5 6 |  6.5
Axes           | 1 2 3 4 5 6 |  6.5
Maces & Flails | 1 2 3 4 5 6 |  6.5
Polearms       | 1 2 3 4 5 6 |  6.5
Staves         | 1 2 3 4 5 6 |  6.5
Ranged Weapons | 1 2 3 4 5 6 |  6.5
Throwing       | 1 2 3 4 5 6 |  6.5
Armour         | 1 2 3 4 5 6 |  6.5
Shields        | 1 2 3 4 5 6 |  6.5
Unarmed Combat | 1 2 3 4 5 6 |  6.5
Evocations     | 1 2 3 4 5 6 |  6.5
Shapeshifting  | 1 2 3 4 5 |  5.9
Conjurations   | 1 2 3 4 5 |  5.4
Summonings     | 1 2 3 4 5 |  5.4
Necromancy     | 1 2 3 4 5 |  5.4
Translocations | 1 2 3 4 5 |  5.4
Fire Magic     | 1 2 3 4 5 |  5.4
Ice Magic      | 1 2 3 4 5 |  5.4
Air Magic      | 1 2 3 4 5 |  5.4
Earth Magic    | 1 2 3 4 5 |  5.4
Alchemy        | 1 2 3 4 5 |  5.4
Short Blades   | 3 4 5 6 7 |  7.1
Dodging        | 5 6 7 8 |  8.1
Hexes          | 6 7 |  7.8

Action                     |  1- 3 |  4- 6 |  7- 9 | 10-12 || total
---------------------------+-------+-------+-------+-------++-------
  Melee: Dagger            |    68 |    98 |   180 |   173 ||   519
         Bite              |     5 |     6 |    15 |    18 ||    44
         Punch             |       |     1 |     5 |     6 ||    12
         Trident           |       |       |       |     3 ||     3
  Throw: Dart              |       |     4 |     1 |    12 ||    17
   Cast: Ensorcelled Hiber |    12 |    48 |    60 |    65 ||   185
         Tukima's Dance    |       |     2 |     5 |     9 ||    16
         Confusing Touch   |       |       |     7 |     8 ||    15
         Dazzling Flash    |       |       |     8 |    18 ||    26
         Mephitic Cloud    |       |       |     2 |     5 ||     7
  Evoke: Wand              |       |       |       |     2 ||     2
    Use: Potion            |       |       |     1 |     3 ||     4
   Stab: Sleeping          |    17 |    39 |    36 |    35 ||   127
         Confused          |       |       |     7 |    10 ||    17
         Invisible         |       |       |     7 |     6 ||    13
         Paralysed         |       |       |     6 |     6 ||    12
         Distracted        |       |       |     1 |       ||     1
 Armour: Robe              |    11 |       |       |       ||    11
         Leather armour    |    14 |    52 |   113 |    69 ||   248
         Skin              |     1 |       |       |       ||     1
  Dodge: Dodged            |    49 |    54 |   176 |   142 ||   421
  Block: Buckler           |       |       |       |    15 ||    15
